 Dungeon Crawl Stone Soup version 0.29.1-15-g9cfb28693d (webtiles) character file.

Game seed: 16510316682993837539

549735 Shozle the Acrobat (level 27, -10/228 HPs)
             Began as a Djinni Conjurer on Mar 12, 2023.
             Was the Champion of Ashenzari.
             Killed from afar by an orb of fire (16 damage)
             ... with a fireball
             ... on level 5 of the Realm of Zot on Mar 13, 2023.
             The game lasted 06:17:57 (45797 turns).

Shozle the Acrobat (Djinni Conjurer)               Turns: 45797, Time: 06:17:58

Health: -10/228    AC: 21    Str: 12 (13) XL:     27
Gold:   3117       EV: 24    Int: 36 (38) God:    Ashenzari [******] SH: 16 Dex: 18 (20)

rFire   + + +      SeeInvis +   P - +3 Elemental Staff {rElec rF++ rC++ AC+5, Self, Fort} (curse)
rCold   + + .      Faith    .   V - +2 buckler of the Ruined Discomfort {rC+, Melee, Self} (curse)
rNeg    + + .      Spirit   .   v - +4 troll leather armour of the Sibylline Lethargy {Regen+, Self, Melee} (curse)
rPois   ∞          Reflect  +   M - +2 hat "Share My Annoyance" {Evo, Melee} (curse)
rElec   +          Harm     .   j - +2 cloak of Ashenzari's Mutualism {Will+, Self, Fort} (curse)
rCorr   +          Rampage  .   s - +0 pair of gloves of Toth-Mos's Legacy {rCorr Str+7, Fort, Cun} (curse)
Will    ++++.      Clarity  +   (boots unavailable)
Stlth   ++........              z - amulet "Regret of Ashenzari" {Reflect Will+ SH+5, Self, Fort} (curse)
HPRegen 1.28/turn               U - ring of Supernal Understanding {rPois rN+ Dex+6 Stlth-, Evo, Self} (curse)
MPRegen 0.00/turn               t - ring of the Stellar Seer {rN+ Int+6, Melee, Evo} (curse)

@: about to teleport, corroded, vertiginous, flying, unable to drink
A: sickness immunity, fire resistance 2, cold vulnerability 1, float, innate
caster, HP casting, extra vitality 1, claws 1, electricity resistance
}: 3/15 runes: serpentine, barnacled, silver
a: Renounce Religion, Shatter the Chains


You were on level 5 of the Realm of Zot.
You worshipped Ashenzari.
Ashenzari was exalted by your worship.
You visited 9 branches of the dungeon, and saw 45 of its levels.
You visited 1 bazaar.
You also visited: Ossuary and Gauntlet.

You collected 7129 gold pieces.
You spent 4012 gold pieces at shops.

Inventory:

Hand Weapons
 P - the cursed +3 Elemental Staff (weapon) {rElec rF++ rC++ AC+5, Self, Fort}
   (You took it off a deep elf pyromancer on level 10 of the Dungeon)

   If the wielder is skilled in Evocations, they can discharge powerful blasts
   of elemental energy when striking with it.
   It enhances your fire, ice, earth and air magic.
   AC:        It affects your AC (+5).
   rF:        It greatly protects you from fire.
   rC:        It greatly protects you from cold.
   rElec:     It insulates you from electricity.
   It has a curse which improves the following skills: Introspection: Fighting
   and Spellcasting.
   Fortitude: Armour and Shields.
Missiles
 w - 3 throwing nets
Armour
 j - the cursed +2 cloak of Ashenzari's Mutualism (worn) {Will+, Self, Fort}
   (You took it off Nikola on level 1 of the Vaults)

   It has a curse which improves the following skills: Introspection: Fighting
   and Spellcasting.
   Fortitude: Armour and Shields.
 s - the cursed +0 pair of gloves of Toth-Mos's Legacy (worn) {rCorr Str+7, Fort, Cun}
   (You found it on level 2 of the Realm of Zot)

   Str:       It affects your strength (+7).
   rCorr:     It protects you from acid and corrosion.
   It has a curse which improves the following skills: Fortitude: Armour and
   Shields.
   Cunning:   Dodging and Stealth.
 v - the cursed +4 troll leather armour of the Sibylline Lethargy (worn) {Regen+, Self, Melee}
   (You bought it in a shop in a bazaar)

   Regen:     It increases your rate of health regeneration.
   It has a curse which improves the following skills: Introspection: Fighting
   and Spellcasting.
   Melee Combat: Short Blades, Long Blades, Axes, Maces & Flails, Polearms,
   Staves and Unarmed Combat.
 M - the cursed +2 hat "Share My Annoyance" (worn) {Evo, Melee}
   (You bought it in a shop on level 8 of the Dungeon)

   It has a curse which improves the following skills: Evocations: Evocations.
   Melee Combat: Short Blades, Long Blades, Axes, Maces & Flails, Polearms,
   Staves and Unarmed Combat.
 V - the cursed +2 buckler of the Ruined Discomfort (worn) {rC+, Melee, Self}
   (You bought it in a shop on level 2 of the Orcish Mines)

   It has a curse which improves the following skills: Melee Combat: Short
   Blades, Long Blades, Axes, Maces & Flails, Polearms, Staves and Unarmed
   Combat.
   Introspection: Fighting and Spellcasting.
Jewellery
 t - the cursed ring of the Stellar Seer (right hand) {rN+ Int+6, Melee, Evo}
   (You bought it in a shop on level 1 of the Depths)

   [ring of intelligence]

   Int:       It affects your intelligence (+6).
   rN:        It protects you from negative energy.
   It has a curse which improves the following skills: Melee Combat: Short
   Blades, Long Blades, Axes, Maces & Flails, Polearms, Staves and Unarmed
   Combat.
   Evocations: Evocations.
 z - the cursed amulet "Regret of Ashenzari" (around neck) {Reflect Will+ SH+5, Self, Fort}
   (You took it off an ironbound preserver on level 5 of the Vaults)

   [amulet of reflection]

   It reflects blocked missile attacks.
   SH:        It affects your SH (+5).
   Will:      It increases your willpower.
   It has a curse which improves the following skills: Introspection: Fighting
   and Spellcasting.
   Fortitude: Armour and Shields.
 U - the cursed ring of Supernal Understanding (left hand) {rPois rN+ Dex+6 Stlth-, Evo, Self}
   (You found it on level 1 of the Orcish Mines)

   [ring of dexterity]

   Dex:       It affects your dexterity (+6).
   rPois:     It protects you from poison.
   rN:        It protects you from negative energy.
   Stlth:     It makes you less stealthy.
   It has a curse which improves the following skills: Evocations: Evocations.
   Introspection: Fighting and Spellcasting.
Wands
 b - a wand of quicksilver (17)
 k - a wand of polymorph (22)
 C - a wand of digging (6)
 H - a wand of iceblast (39)
 K - a wand of paralysis (25)
Scrolls
 a - 8 scrolls of blinking
 d - 27 scrolls of teleportation
 h - 8 scrolls of fog
 m - 11 scrolls of immolation
 q - 14 scrolls of fear
 x - 6 scrolls of enchant weapon
 y - 3 scrolls of brand weapon
 A - 2 scrolls of silence
 G - 16 scrolls of poison
 J - 5 scrolls of torment
 O - 14 scrolls of vulnerability
 Q - 3 scrolls of enchant armour
 X - 6 scrolls of magic mapping
Potions
 c - 7 potions of heal wounds
 f - 5 potions of mutation
 g - 13 potions of might
 i - 26 potions of curing
 l - 7 potions of cancellation
 o - 12 potions of haste
 p - 6 potions of invisibility
 u - 16 potions of attraction
 E - 5 potions of brilliance
 N - 5 potions of resistance
 T - 5 potions of ambrosia
Miscellaneous
 B - a phial of floods
 D - a lightning rod (4/4)
 I - a tin of tremorstones (2/2)


   Skills:
 - Level 20.6(27) Fighting
 - Level 7.5(13.5) Staves
 + Level 15.9(22.0) Armour
 + Level 26.2(27) Dodging
 - Level 2.8(5.0) Stealth
 + Level 10.9(17.1) Shields
 - Level 20.3(27) Spellcasting
 - Level 14.3(19.3) Evocations


You couldn't memorise any spells.
You knew the following spells:

 Your Spells              Type           Power      Damage    Failure   Level
a - Magic Dart            Conj           100%       1d8       1%          1
b - Searing Ray           Conj           100%       2d8       1%          2
c - Dazzling Flash        Conj/Hex       100%       N/A       1%          3
d - Fulminant Prism       Conj/Hex       63%        3d27      1%          4
e - Iskenderun's Mystic   Conj/Tloc      100%       2d19      1%          4
f - Apportation           Tloc           100%       N/A       1%          1
g - Passwall              Tmut/Erth      100%       N/A       1%          2
h - Teleport Other        Tloc           100%       N/A       1%          3
i - Summon Lightning Spi  Summ/Air       100%       N/A       1%          4
j - Yara's Violent Unrav  Hex/Tmut       63%        3d24      1%          5
k - Fireball              Conj/Fire      76%        3d28      1%          5
l - Simulacrum            Ice/Necr       76%        N/A       1%          6
m - Iron Shot             Conj/Erth      76%        9d14      1%          6
n - Death Channel         Necr           63%        N/A       1%          6
o - Disjunction           Tloc           63%        N/A       1%          8
p - Lehudib's Crystal Sp  Conj/Erth      76%        10d17     1%          8
q - Maxwell's Capacitive  Air            76%        ∞         1%          8
r - Death's Door          Necr           63%        N/A       3%          9
Your spell library was empty.

Dungeon Overview and Level Annotations

Branches:
Dungeon (15/15)            Temple (1/1) D:5            Lair (5/5) D:10
 Shoals (4/4) Lair:2        Snake (4/4) Lair:2        Slime (0/5) Lair:5
    Orc (2/2) D:12            Elf (0/3) Orc:2        Vaults (5/5) D:14
  Crypt (0/3) Vaults:2     Depths (4/4) D:15            Zot (5/5) Depths:4
Ossuary (visited)         Gauntlet (visited)

Altars:
Ashenzari
Cheibriados
Dithmenos
Elyvilon
Fedhas
Gozag
Hepliaklqana
Makhleb
Nemelex Xobeh
Okawaru
Qazlal
Ru
Trog
Uskayaw
Wu Jian
Xom
Yredelemnul
Zin
The Shining One
Lugonu

Shops:
D:1 *   D:4 (   D:8 [   D:11 *   D:13 *   Orc:2 *[(*   Shoals:2 [   Vaults:2 :
Vaults:5 (   Depths:1 =:=   Depths:3 (?!

Portals:
Hell: Depths:1 Depths:2 Depths:3 Depths:4
Abyss: Lair:5 Depths:3 Depths:4
Pandemonium: Depths:1 Depths:2
Ziggurat: Depths:1
Trove: D:12 (give 6 scrolls of blinking)

Annotations:
Zot:4 2 transporters, exclusion: orange crystal statue


Innate Abilities, Weirdness & Mutations

You are immune to sickness and miasma.
You are immune to poison.
Your flesh is very heat resistant. (rF++)
You are vulnerable to cold. (rC-)
You float through the air rather than walking.
You learn spells naturally, not from books.
Your magical power is your life essence.
You have superior vitality. (+4 MHP)
You have sharp fingernails.
You are resistant to electric shocks. (rElec)


Message History

The Killer Klown is no longer mute.
The Killer Klown pies you viciously! The klown pie misses you.
An orb of fire comes into view.
The Orb Guardian disappears!
The Killer Klown disappears!
The Killer Klown pies you viciously! The klown pie hits you!!!
Plum!
You feel your light-headedness will last longer.
You struggle against the net.
The tentacled monstrosity blinks!
The orb of fire emits a lurid red light.
The bolt of fire hits the orb of fire.
The orb of fire completely resists.
The bolt of fire hits you! You resist. The Killer Klown pies you viciously!
The klown pie hits you!
Lemon!
You feel unable to drink.
* * * LOW HITPOINT WARNING * * *
The Killer Klown giggles crazily.
The Killer Klown disappears!
The Killer Klown pies you viciously! The klown pie hits you!!!
Raspberry!
You feel weakened.
You feel dopey.
You feel clumsy.
* * * LOW HITPOINT WARNING * * *
You struggle against the net.
The sentinel's mark upon you fades away.
The black draconian breathes lightning at you.
The bolt of lightning hits you. You resist.
* * * LOW HITPOINT WARNING * * *
The orb of fire glows deep purple.
The bolt of fire hits you. You resist.
* * * LOW HITPOINT WARNING * * *
The orb of fire glows bright magenta.
The fireball explodes!
The fireball engulfs you! You resist.
* * * LOW HITPOINT WARNING * * *
You cannot drink potions in your current state!
Okay, then.
You shred the net and break free!
The orb of fire blinks!
The translocation energy dissipates.
The Killer Klown laughs merrily.
The orb of fire glows yellow.
The fireball explodes!
The fireball engulfs you! You resist.
You die...

**,,, , , , ,,, , , ,,, ,**
{ ,** ,, , ,,, , * * *,^, ,
, , ∆, , * ###........ ,,,,
, ,, * ######▓......,, ,,
,,,, #######▓▓▓▓.{{ {, , ,
,, ##########▓▓▓▓▓▓▓▓▓▓* ,
###########...^d^XX.. , ,,
.#* ##########..@.##D..{..,,
, ^,
..###########...###....^..
,,
............*§.###........,,
^,,
#.......{..p*p##▓#........,
, #.............#▓▓#... , ..
,, *#...........##▓▓#,, ,,.
, ,, #...........#▓▓▓ ,, ,,
, , , , , ##.......z...## ,
, , , #.............# ^, , ,


You could see 2 orbs of fire, 2 Killer Klowns, a golden dragon, a black
draconian (catching breath), a death cob and 2 Orb Guardians.

Vanquished Creatures
  A dread lich (Zot:5)
  2 ancient liches
  2 juggernauts (Depths:3)
  Josephina (Zot:4)
  A Killer Klown (Zot:4)
  Vashnia (Snake:2)
  Margery (Depths:3)
  Nikola (Vaults:1)
  7 golden dragons
  2 bone dragons
  Jory (Vaults:4)
  An iron giant (Zot:2)
  An electric golem (Zot:5)
  Rupert (Lair:3)
  13 tentacled monstrosities
  A walking earthen tome (Depths:3)
  3 titans
  4 Orb Guardians (Zot:5)
  5 liches
  7 quicksilver dragons
  6 sphinxes
  8 death cobs
  Polyphemus (Shoals:2)
  A kraken (Shoals:4)
  11 shadow dragons
  8 draconian monks (Zot:2)
  3 tengu reavers
  8 storm dragons
  Roxanne (Shoals:1)
  2 draconian knights
  4 frost giants
  4 nagarajas
  A deep elf sorcerer (Vaults:3)
  8 fire giants
  6 vault wardens
  3 ghost moths
  4 orc warlords
  An iron dragon (Zot:2)
  A draconian annihilator (Zot:2)
  The ghost of ponobo the Severer, a journeyman MiBe of Trog (Shoals:1)
  A draconian stormcaller (Zot:5)
  A draconian shifter (Zot:4)
  A spriggan defender (Depths:4)
  Louise (Depths:3)
  2 draconian scorchers
  4 ironbound preservers
  5 ironbound thunderhulks
  9 very ugly things
  The ghost of Zeebu the Blocker, a journeyman MiFi of Makhleb (Orc:1)
  5 stone giants
  2 vampire knights (Depths:3)
  A green draconian (Vaults:1)
  2 purple draconians
  2 deep elf annihilators
  A deep elf demonologist (Vaults:1)
  A yellow draconian (Zot:2)
  4 spark wasps
  4 black draconians (Zot:2)
  4 white draconians
  A minotaur (Gauntlet)
  6 red draconians
  A deep elf death mage (Vaults:1)
  4 ettins
  A crystal guardian (Vaults:3)
  An eidolon (Vaults:2)
  8 fire dragons
  A merfolk impaler (Shoals:4)
  6 yaktaur captains
  27 vault guards
  5 great orbs of eyes
  A merfolk javelineer (Shoals:3)
  3 peacekeepers
  11 ice dragons
  7 anacondas
  2 spriggan air magi
  3 boulder beetles
  6 hydras
  A merfolk avatar (Shoals:3)
  4 two-headed ogres
  2 satyrs (Shoals:3)
  5 ironbound frosthearts
  A death knight (D:13)
  2 catoblepae
  4 dancing weapons (Zot:2)
  2 centaur warriors
  2 merfolk aquamancers
  3 tengu warriors
  A deep troll shaman (Depths:2)
  8 naga warriors
  2 vampire magi (Depths:1)
  2 death yaks (Shoals:2)
  A thrashing horror (Lair:5)
  An orc high priest (Orc:2)
  4 spriggan berserkers
  A deep troll earth mage (Depths:1)
  7 hell knights
  Urug (Lair:4)
  8 naga sharpshooters
  3 shock serpents
  A soul eater (Gauntlet)
  Amaemon (Lair:3)
  An iron troll (Depths:1)
  A deep elf knight (D:14)
  2 salamander mystics
  A skeletal warrior (Vaults:2)
  A spark wasp zombie (Depths:1)
  4 glowing orange brains
  A storm dragon skeleton (Depths:1)
  A death drake (Gauntlet)
  A spriggan rider (Depths:4)
  11 deep trolls
  5 naga ritualists
  11 ironbound convokers
  9 wizards
  A golden dragon skeleton (Depths:1)
  4 necromancers
  3 phantasmal warriors
  5 mana vipers
  3 deep elf zephyrmancers (D:14)
  6 deep elf pyromancers
  2 harpies (Shoals:1)
  6 orc knights
  A shining eye (Gauntlet)
  4 salamanders
  A wolf spider zombie (D:15)
  5 orc sorcerers
  14 ugly things
  A cyclops (D:12)
  6 merfolk sirens
  25 moths of wrath
  5 elephants
  A faun (Shoals:3)
  7 manticores
  A spectral centaur (Gauntlet)
  5 naga magi
  10 vault sentinels
  21 black mambas
  7 centaur zombies
  A smoke demon (D:12)
  2 water nymphs
  A storm dragon simulacrum (Zot:4)
  3 gargoyles
  An orange demon (Lair:3)
  8 centaur skeletons (D:15)
  10 cane toads
  A torpor snail (Lair:3)
  2 unseen horrors
  A kobold demonologist (Orc:1)
  2 redback zombies (D:15)
  21 yaktaurs
  9 komodo dragons
  An ice devil (D:10)
  A rime drake (D:10)
  A ghost moth simulacrum (Zot:4)
  A tengu conjurer (D:13)
  2 ancient zymes (Lair:5)
  4 wind drakes
  A golden dragon simulacrum (Depths:1)
  4 trolls
  3 hornets
  A meliai (shapeshifter) (D:13)
  3 polar bears
  11 merfolk
  2 large abominations (Lair:5)
  7 slime creatures
  3 dream sheep (Lair:3)
  3 harpy skeletons (D:15)
  17 blink frogs
  3 snapping turtles
  A dream sheep (shapeshifter) (D:14)
  Sigmund (D:3)
  4 spriggans
  A centaur simulacrum (D:11)
  7 water elementals
  A vampire (D:9)
  A ynoxinul (Lair:5)
  28 yaks
  2 fire elementals
  2 fire bats (D:12)
  A golden eye (Gauntlet)
  8 basilisks
  3 steam dragons
  7 vampire mosquitoes (D:13)
  2 chaos spawn (Lair:5)
  3 neqoxecs (Orc:1)
  A redback (Vaults:2)
  2 wargs (D:10)
  19 nagas
  An acid dragon (D:10)
  15 water moccasins
  A floating eye (shapeshifter) (D:14)
  28 orc warriors
  3 black bears
  A sky beast (D:6)
  3 ice beasts
  13 ogres
  14 wolves
  A boggart (shapeshifter) (Vaults:1)
  An ogre (shapeshifter) (Lair:5)
  6 centaurs
  A phantom (D:6)
  9 kobold brigands
  2 necrophages (D:5)
  5 bullfrogs
  A gnoll sergeant (D:10)
  7 small abominations (Lair:5)
  3 wights (D:5)
  3 electric eels (D:9)
  3 howler monkeys
  3 quasits (Orc:1)
  4 jellies
  5 hounds
  18 orc priests
  2 boggart zombies (D:15)
  2 human zombies (Ossuary)
  4 iguanas
  16 orc wizards
  Natasha (thrice) (D:4)
  2 hell rats (Lair:5)
  A boggart skeleton (D:15)
  4 hound zombies (Ossuary)
  4 mummies (Ossuary)
  15 gnolls
  18 adders
  2 shadow imps (Gauntlet)
  2 white imps (D:11)
  2 adder zombies (Ossuary)
  2 worms
  6 dart slugs
  60 orcs
  8 endoplasms
  A giant cockroach (D:3)
  8 goblins
  4 hobgoblins
  4 jackals (D:2)
  3 quokkas
  8 ball pythons
  6 bats
  2 frilled lizards
  3 hobgoblin zombies (Ossuary)
  45 kobolds
  An orc zombie (Ossuary)
  4 rats
  A spectral kobold (D:7)
  4 bushes (Lair:5)
  2 butterflies (Lair:4)
  11 fulminant prisms
1178 creatures vanquished.

Vanquished Creatures (collateral kills)
  An ancient lich (Vaults:5)
  A dread lich (Vaults:5)
  An orb of fire (Zot:1)
  A juggernaut (Depths:1)
  2 golden dragons
  Jorgrun (D:15)
  2 Orb Guardians (Zot:5)
  4 titans (Vaults:5)
  4 tentacled monstrosities
  A quicksilver dragon (Zot:1)
  3 sphinxes
  A kraken (Shoals:4)
  6 death cobs
  4 shadow dragons
  8 tengu reavers
  5 storm dragons
  Donald (Snake:2)
  Ilsuiw (Shoals:3)
  5 draconian monks
  3 nagarajas
  A fire giant (Depths:1)
  A ghost moth (Zot:4)
  An orc warlord (Vaults:2)
  A deep elf sorcerer (Vaults:3)
  5 frost giants
  A draconian shifter (Zot:1)
  14 vault wardens
  2 draconian stormcallers (Zot:1)
  A quicksilver ooze (shapeshifter) (Vaults:5)
  3 ironbound thunderhulks
  6 stone giants
  18 very ugly things
  5 draconian annihilators
  7 ironbound preservers
  3 war gargoyles
  2 vampire knights
  2 deep elf demonologists
  5 green draconians
  4 deep elf annihilators
  5 black draconians
  8 purple draconians
  A spark wasp (Depths:3)
  8 yellow draconians
  5 white draconians
  A red draconian (Zot:5)
  2 entropy weavers
  2 deep elf death magi
  5 ettins
  An ettin (shapeshifter) (Vaults:5)
  3 merfolk javelineers (Shoals:4)
  8 merfolk impalers
  15 yaktaur captains
  7 fire dragons
  16 vault guards
  A great orb of eyes (Vaults:2)
  An ice dragon (Zot:2)
  A quicksilver dragon skeleton (Vaults:5)
  A catoblepas (D:14)
  A peacekeeper (Vaults:3)
  2 hydras
  3 spriggan air magi (Depths:1)
  An ogre mage (Vaults:5)
  The ghost of diceflayer the Skirmisher, a journeyman DsHu of Okawaru (D:11)
  4 deep elf high priests
  6 anacondas
  3 centaur warriors
  3 salamander tyrants
  3 ironbound frosthearts
  A merfolk avatar (Shoals:1)
  4 alligator snapping turtles
  5 merfolk aquamancers
  3 two-headed ogres
  A satyr (Shoals:3)
  13 naga warriors
  A deep troll earth mage (Depths:4)
  A vampire mage (Vaults:2)
  3 deep troll shamans
  2 death yaks (Shoals:2)
  2 spriggan berserkers
  A thrashing horror (Lair:5)
  7 shock serpents
  9 naga sharpshooters
  2 tengu warriors
  4 hell knights
  Lodul (D:11)
  A titan skeleton (Vaults:5)
  5 salamander mystics
  3 iron trolls
  18 deep trolls
  16 sea snakes
  2 goliath frogs (Shoals:3)
  A death drake (shapeshifter) (Vaults:1)
  A quicksilver dragon simulacrum (Zot:4)
  A death drake (Lair:5)
  7 wizards
  11 naga ritualists
  A spectral wolf spider (Gauntlet)
  A glowing orange brain (Vaults:1)
  11 harpies
  8 ironbound convokers
  6 lindwurms
  7 necromancers
  3 orc knights
  4 phantasmal warriors
  15 mana vipers
  A deep elf pyromancer (D:15)
  16 ugly things
  2 orc sorcerers
  A fire giant zombie (Vaults:5)
  3 fauns
  9 salamanders
  3 elephants
  7 moths of wrath
  4 cyclopes
  3 manticores
  An elephant (shapeshifter) (Vaults:5)
  A spectral centaur (Gauntlet)
  19 black mambas
  4 guardian serpents
  3 merfolk sirens
  A guardian serpent (shapeshifter) (Vaults:1)
  6 water nymphs
  A smoke demon (Lair:5)
  2 gargoyles
  A storm dragon simulacrum (Zot:4)
  11 naga magi
  5 vault sentinels
  2 rime drakes
  4 cane toads (Lair:5)
  A yaktaur zombie (Vaults:5)
  2 centaur skeletons (D:15)
  5 komodo dragons
  4 tengu conjurers
  A freezing wraith (D:14)
  17 yaktaurs
  29 merfolk
  5 wind drakes
  A queen bee (shapeshifter) (Vaults:5)
  A tarantella (shapeshifter) (Lair:5)
  A hornet (shapeshifter) (Vaults:5)
  A human skeleton (Vaults:5)
  2 trolls (Orc:2)
  A hornet (Depths:4)
  12 slime creatures
  2 polar bears (Lair:5)
  5 blink frogs (Lair:5)
  14 snapping turtles
  A draconian simulacrum (Zot:4)
  2 centaur simulacra (D:11)
  A culicivora (shapeshifter) (Vaults:1)
  A spriggan (Depths:4)
  14 water elementals
  2 fire bats (D:12)
  10 yaks
  3 fire elementals
  A steam dragon (D:10)
  A basilisk (Lair:5)
  A redback (Vaults:4)
  2 large abominations (Lair:5)
  2 wargs
  A naga (shapeshifter) (D:14)
  3 small abominations (Lair:5)
  32 nagas
  5 water moccasins
  A water moccasin (shapeshifter) (Vaults:5)
  An acid dragon (D:11)
  2 black bears (shapeshifter)
  10 orc warriors
  2 ice beasts
  2 wolves (Lair:4)
  4 ogres
  A centaur (D:14)
  2 kobold brigands (D:7)
  A gnoll sergeant (D:6)
  A necrophage (D:6)
  3 killer bees (D:7)
  2 orc priests (D:7)
  A gnoll bouda (D:7)
  5 hell rats (Lair:5)
  3 orc wizards
  7 gnolls
  An adder (D:6)
  31 orcs
  3 bushes (Lair:5)
  12 plants
  4 tentacles (Shoals:4)
832 creatures vanquished.

Vanquished Creatures (others)
  A draconian scorcher (Zot:3)
  A wizard (D:15)
  An orc (D:15)
  12 bushes (Lair:5)
  241 fulminant prisms
  27 fungi
  287 plants
  22 tentacles (Shoals:4)
592 creatures vanquished.

Grand Total: 2602 creatures vanquished

Notes
Turn   | Place    | Note
-------+----------+-------------------------------------------
     0 | D:1      | Shozle the Djinni Conjurer began the quest for the Orb.
     0 | D:1      | Shozle set off with the following spells memorised: Magic
                  | Dart, Searing Ray, Dazzling Flash, Fulminant Prism,
                  | Iskenderun's Mystic Blast.
     0 | D:1      | Reached XP level 1. HP: 15/15 MP: 0/0
   579 | D:1      | Reached XP level 2. HP: 19/22 MP: 0/0
   629 | D:1      | Found Ekliuh's General Store.
   811 | D:1      | Found a faded altar of an unknown god.
   923 | D:1      | Reached skill level 1 in Fighting
  1282 | D:1      | Reached XP level 3. HP: 25/27 MP: 0/0
  1282 | D:1      | Learned a level 1 spell: Apportation
  1947 | D:2      | Reached XP level 4. HP: 27/33 MP: 0/0
  2883 | D:3      | Reached XP level 5. HP: 33/38 MP: 0/0
  2883 | D:3      | Learned a level 2 spell: Passwall
  3150 | D:3      | Noticed Sigmund
  3170 | D:3      | Killed Sigmund
  3171 | D:3      | Reached skill level 5 in Spellcasting
  3171 | D:3      | Reached XP level 6. HP: 3/46 MP: 0/0
  3853 | D:4      | Reached XP level 7. HP: 2/50 MP: 0/0
  3853 | D:4      | Learned a level 3 spell: Teleport Other
  4158 | D:4      | Found Xoazxo's Antique Weapon Shop.
  4797 | D:4      | Noticed Natasha
  4804 | D:4      | Killed Natasha
  5078 | D:4      | Noticed Natasha
  5081 | D:4      | Killed Natasha
  5227 | D:4      | Noticed Natasha
  5235 | D:4      | Killed Natasha
  5298 | D:5      | Entered Level 5 of the Dungeon
  5298 | D:5      | Found a sand-covered staircase.
  5307 | D:5      | Reached skill level 1 in Evocations
  5319 | Ossuary  | Entered an ossuary
  5337 | Ossuary  | Reached XP level 8. HP: 44/58 MP: 0/0
  5667 | D:5      | Reached skill level 5 in Fighting
  5793 | D:5      | Found a glowing golden altar of the Shining One.
  5800 | D:5      | Reached XP level 9. HP: 63/65 MP: 0/0
  5800 | D:5      | Learned a level 4 spell: Summon Lightning Spire
  5810 | D:5      | Found a sparkling altar of Nemelex Xobeh.
  6010 | D:5      | Gained mutation: You possess an exceptional clarity of
                  | mind. [potion of mutation]
  6010 | D:5      | Gained mutation: You are partially covered in iridescent
                  | scales. (AC +2) [potion of mutation]
  6132 | D:5      | Found a staircase to the Ecumenical Temple.
  6142 | Temple   | Entered the Ecumenical Temple
  7442 | D:7      | Noticed a deep elf pyromancer
  7448 | D:7      | Killed a deep elf pyromancer
  7449 | D:7      | Reached skill level 5 in Evocations
  7514 | D:7      | Reached XP level 10. HP: 63/73 MP: 0/0
  7543 | D:7      | Found a glowing silver altar of Zin.
  8147 | D:7      | Found a hazy altar of Hepliaklqana.
  8172 | D:7      | Found a broken altar of Ashenzari.
  8176 | D:7      | Saw a vision of the Shoals and the Snake Pit.
  8176 | D:7      | Noticed a cyclops
  8176 | D:7      | Noticed an anaconda
  8176 | D:7      | Noticed a harpy
  8176 | D:7      | Noticed a cyclops
  8176 | D:7      | Noticed a merfolk siren
  8176 | D:7      | Noticed a naga mage
  8178 | D:7      | Noticed a naga sharpshooter
  8182 | D:7      | Became a worshipper of Ashenzari the Shackled
  8675 | D:8      | Found Juklos's Armour Shoppe.
  8683 | D:8      | Bought a +2 robe of positive energy for 205 gold pieces
  8683 | D:8      | Bought a +1 hat for 154 gold pieces
  8830 | D:8      | Noticed a two-headed ogre
  8840 | D:8      | Killed a two-headed ogre
  9764 | D:9      | Reached * piety under Ashenzari
  9910 | D:9      | Identified the cursed +6 short sword of Apeoromancy
                  | {protect, Fort, Cun} (You took it off a kobold on level 7
                  | of the Dungeon)
  9910 | D:9      | Identified the cursed +1 pair of gloves "Lashed Yoke"
                  | {Fort, Evo} (You found it on level 2 of the Dungeon)
  9957 | D:9      | Reached skill level 3 in Dodging
 10260 | D:10     | Entered Level 10 of the Dungeon
 10261 | D:10     | Noticed a rime drake
 10267 | D:10     | Noticed a rime drake
 10268 | D:10     | Noticed an ice devil
 10302 | D:10     | Reached XP level 11. HP: 81/81 MP: 0/0
 10302 | D:10     | Learned a level 5 spell: Yara's Violent Unravelling
 10394 | D:10     | Reached skill level 10 in Spellcasting
 10433 | D:10     | Reached ** piety under Ashenzari
 10450 | D:10     | Reached skill level 1 in Armour
 10542 | D:10     | Noticed a deep elf pyromancer
 10544 | D:10     | Killed a deep elf pyromancer
 10577 | D:10     | Noticed a boulder beetle
 10589 | D:10     | Killed a boulder beetle
 10685 | D:10     | Found a staircase to the Lair.
 10730 | D:10     | Noticed a two-headed ogre
 10760 | D:10     | Killed a two-headed ogre
 10761 | D:10     | Reached XP level 12. HP: 87/89 MP: 0/0
 10783 | D:10     | Found a burning altar of Makhleb.
 10816 | D:10     | Noticed a two-headed ogre
 10824 | D:10     | Killed a two-headed ogre
 10991 | D:11     | Noticed Lodul
 10996 | D:11     | Killed Lodul
 10997 | D:11     | Noticed a two-headed ogre
 11020 | D:11     | Noticed a two-headed ogre
 11065 | D:11     | Noticed a two-headed ogre
 11069 | D:11     | Killed a two-headed ogre
 11085 | D:11     | Killed a two-headed ogre
 11103 | D:11     | Killed a two-headed ogre
 11238 | D:11     | Found Cacreorgh's Assorted Antiques.
 11244 | D:11     | Bought a runed scarf for 208 gold pieces
 11305 | D:11     | Found a runed translucent gate.
 11305 | D:11     | Found a runed translucent gate.
 11305 | D:11     | Found a runed translucent gate.
 11625 | D:11     | Noticed diceflayer's ghost (journeyman DsHu)
 11635 | D:11     | Killed diceflayer's ghost
 11689 | D:12     | Reached skill level 5 in Armour
 11690 | D:12     | Reached skill level 10 in Fighting
 11727 | D:12     | Reached XP level 13. HP: 79/96 MP: 0/0
 11727 | D:12     | Learned a level 5 spell: Fireball
 11791 | D:12     | Found a staircase to the Orcish Mines.
 11833 | D:12     | Noticed a five-headed hydra
 11835 | D:12     | Killed a five-headed hydra
 11916 | D:12     | Reached *** piety under Ashenzari
 11970 | D:12     | Found a portal to a secret trove of treasure.
 12041 | D:12     | Found a hide-covered altar of Uskayaw.
 12183 | Orc:1    | Entered Level 1 of the Orcish Mines
 12466 | Orc:1    | Noticed an orc warlord
 12478 | Orc:1    | Killed an orc warlord
 12712 | Orc:1    | Found a transporter.
 12721 | Orc:1    | Identified the ring of Balacumu {rPois rN+ Dex+6 Stlth-}
 12727 | Orc:1    | Noticed Zeebu's ghost (journeyman MiFi)
 12736 | Orc:1    | Found a transporter.
 12739 | Orc:1    | Found the +3 pair of mountain boots {steadfast, rC+}
 13024 | Orc:1    | Killed Zeebu's ghost
 13091 | Orc:2    | Entered Level 2 of the Orcish Mines
 13131 | Orc:2    | Found Bonoge's General Store.
 13196 | Orc:2    | Reached skill level 10 in Evocations
 13292 | Orc:2    | Noticed an orc warlord
 13320 | Orc:2    | Killed an orc warlord
 13476 | Orc:2    | Paralysed by an orc sorcerer for 2 turns
 13573 | Orc:2    | Noticed an orc warlord
 13574 | Orc:2    | Reached XP level 14. HP: 65/108 MP: 0/0
 13582 | Orc:2    | Killed an orc warlord
 13669 | Orc:2    | Found Mogroq's Antique Weapon Emporium.
 13674 | Orc:2    | Found Mehu Do Dap's Antique Armour Shoppe.
 13712 | Orc:2    | Found a staircase to the Elven Halls.
 13918 | Orc:2    | Found Josownah's General Store.
 13926 | Orc:2    | Bought a scroll of enchant armour for 127 gold pieces
 13926 | Orc:2    | Bought a scroll of enchant armour for 127 gold pieces
 13926 | Orc:2    | Bought a +2 buckler of cold resistance for 365 gold pieces
 14082 | Lair:1   | Entered Level 1 of the Lair of Beasts
 14332 | Lair:1   | Reached skill level 1 in Shields
 14359 | Lair:1   | Found the amulet of the Air {Inacc Air Fly rElec RMsl}
 14537 | Lair:1   | Reached **** piety under Ashenzari
 14900 | Lair:2   | Reached skill level 4 in Dodging
 14925 | Lair:2   | Found a staircase to the Snake Pit.
 14978 | Lair:2   | Reached ***** piety under Ashenzari
 15413 | Lair:2   | Found a staircase to the Shoals.
 15602 | Lair:3   | Noticed Amaemon
 15619 | Lair:3   | Gained mutation: You are dopey. (Int -2) [you]
 15620 | Lair:3   | Killed Amaemon
 15627 | Lair:3   | Found a gate leading to a gauntlet.
 15632 | Lair:3   | Reached skill level 5 in Dodging
 15652 | Gauntlet | Entered a Gauntlet
 15652 | Gauntlet | Found a transporter.
 15652 | Gauntlet | Found a transporter.
 15652 | Gauntlet | Found a runed translucent door.
 15652 | Gauntlet | Found a runed translucent door.
 15808 | Gauntlet | Found a transporter.
 15808 | Gauntlet | Found a transporter.
 15811 | Gauntlet | Found a transporter.
 15813 | Gauntlet | Found a large runed translucent door.
 15813 | Gauntlet | Found a large runed translucent door.
 15814 | Gauntlet | Found a large runed translucent door.
 15814 | Gauntlet | Found a large runed translucent door.
 15815 | Gauntlet | Found a large runed translucent door.
 15815 | Gauntlet | Found a large runed translucent door.
 15815 | Gauntlet | Found a runed translucent door.
 15815 | Gauntlet | Found a runed translucent door.
 15848 | Gauntlet | Found a large runed translucent door.
 15848 | Gauntlet | Found a large runed translucent door.
 15848 | Gauntlet | Found a large runed translucent door.
 15848 | Gauntlet | Found a large runed translucent door.
 15849 | Gauntlet | Found a runed translucent gate.
 15850 | Gauntlet | Found a runed translucent gate.
 15850 | Gauntlet | Found a transporter.
 15852 | Gauntlet | Found a transporter.
 15852 | Gauntlet | Found a transporter.
 15857 | Gauntlet | Noticed a reaper
 15867 | Gauntlet | Found a transporter.
 15869 | Gauntlet | Identified the ring "Sooxab" {*Slow rN+ EV+4 Int+5 Slay+3}
 15882 | Gauntlet | Found a transporter.
 15889 | Gauntlet | Identified the +1 helmet "Heopsor" {*Corrode rF+ rN+ Int+3}
 15891 | Gauntlet | Found a runed translucent gate.
 15892 | Gauntlet | Found a transporter.
 15892 | Gauntlet | Found a runed translucent gate.
 15893 | Gauntlet | Found a runed translucent gate.
 15906 | Gauntlet | Found a transporter.
 15917 | Gauntlet | Found a large runed translucent door.
 15918 | Gauntlet | Found a large runed translucent door.
 15919 | Gauntlet | Found a large runed translucent door.
 15919 | Gauntlet | Found a large runed translucent door.
 15919 | Gauntlet | Found a large runed translucent door.
 15920 | Gauntlet | Found a runed translucent gate.
 15920 | Gauntlet | Found a large runed translucent door.
 15925 | Gauntlet | Found a transporter.
 15936 | Gauntlet | Found a transporter.
 15998 | Gauntlet | Gained mutation: Your spells are a little easier to cast,
                  | but a little less powerful. [a shining eye]
 16000 | Gauntlet | Lost mutation: Your spells are a little easier to cast, but
                  | a little less powerful. [potion of mutation]
 16000 | Gauntlet | Lost mutation: You are partially covered in iridescent
                  | scales. (AC +2) [potion of mutation]
 16000 | Gauntlet | Lost mutation: You possess an exceptional clarity of mind.
                  | [potion of mutation]
 16000 | Gauntlet | Gained mutation: You are clumsy. (Dex -2) [potion of
                  | mutation]
 16001 | Gauntlet | Lost mutation: You are clumsy. (Dex -2) [potion of
                  | mutation]
 16001 | Gauntlet | Lost mutation: You are dopey. (Int -2) [potion of mutation]
 16001 | Gauntlet | Gained mutation: You are frail. (-10% HP) [potion of
                  | mutation]
 16001 | Gauntlet | Gained mutation: Your mind is acute. (Int +4, Str/Dex -1)
                  | [potion of mutation]
 16001 | Gauntlet | Gained mutation: Your muscles are strong. (Str +4, Int/Dex
                  | -1) [potion of mutation]
 16002 | Gauntlet | Lost mutation: Your mind is acute. (Int +4, Str/Dex -1)
                  | [potion of mutation]
 16002 | Gauntlet | Lost mutation: Your muscles are strong. (Str +4, Int/Dex
                  | -1) [potion of mutation]
 16002 | Gauntlet | Gained mutation: Your muscles are strong. (Str +4, Int/Dex
                  | -1) [potion of mutation]
 16002 | Gauntlet | Gained mutation: You have a pair of small horns on your
                  | head. [potion of mutation]
 16002 | Gauntlet | Gained mutation: You have sharp fingernails. [potion of
                  | mutation]
 16003 | Gauntlet | Lost mutation: You are frail. (-10% HP) [potion of
                  | mutation]
 16003 | Gauntlet | Lost mutation: Your muscles are strong. (Str +4, Int/Dex
                  | -1) [potion of mutation]
 16003 | Gauntlet | Lost mutation: You have a pair of small horns on your head.
                  | [potion of mutation]
 16003 | Gauntlet | Gained mutation: You are resistant to electric shocks.
                  | (rElec) [potion of mutation]
 16086 | Gauntlet | Noticed a minotaur
 16093 | Gauntlet | Killed a minotaur
 16106 | Gauntlet | Identified the Compendium of Toxicity
 16106 | Gauntlet | Found the +5 demon whip "Spellbinder" {antimagic, Will+}
 16147 | Lair:3   | Noticed Rupert
 16159 | Lair:3   | Killed Rupert
 16192 | Lair:3   | Reached skill level 6 in Dodging
 16834 | Lair:4   | Noticed Urug
 16838 | Lair:4   | Killed Urug
 16875 | Lair:4   | Reached XP level 15. HP: 120/125 MP: 0/0
 16875 | Lair:4   | Learned a level 6 spell: Simulacrum
 17549 | Lair:5   | Entered Level 5 of the Lair of Beasts
 17655 | Lair:5   | Reached ****** piety under Ashenzari
 17752 | Lair:5   | Found a corrupted altar of Lugonu.
 17754 | Lair:5   | Found a one-way gate to the infinite horrors of the Abyss.
 18035 | Lair:5   | Found a staircase to the Slime Pits.
 18057 | Lair:5   | Reached skill level 15 in Spellcasting
 18795 | Shoals:1 | Entered Level 1 of the Shoals
 18795 | Shoals:1 | Found a runed translucent door.
 18817 | Shoals:1 | Reached XP level 16. HP: 92/139 MP: 0/0
 19442 | Shoals:1 | Noticed ponobo's ghost (journeyman MiBe)
 19446 | Shoals:1 | Identified the Codex of Summoning and Firn
 19463 | Shoals:1 | Killed ponobo's ghost
 19551 | Shoals:1 | Noticed Roxanne
 19615 | Shoals:1 | Killed Roxanne
 19811 | Shoals:2 | Noticed Polyphemus
 19820 | Shoals:2 | Killed Polyphemus
 20023 | Shoals:2 | Found Xufiguon's Armour Shoppe.
 20599 | Shoals:3 | Noticed Ilsuiw
 20619 | Shoals:3 | Reached XP level 17. HP: 28/148 MP: 0/0
 20619 | Shoals:3 | Learned a level 6 spell: Iron Shot
 20620 | Shoals:3 | Killed Ilsuiw
 20839 | Shoals:3 | Reached skill level 15 in Fighting
 21604 | Shoals:4 | Entered Level 4 of the Shoals
 21755 | Shoals:4 | Noticed a kraken
 21786 | Shoals:4 | Noticed a kraken
 21796 | Shoals:4 | Killed a kraken
 21833 | Shoals:4 | Killed a kraken
 21887 | Shoals:4 | Got a barnacled rune of Zot
 22012 | Shoals:4 | Identified the +8 mace "Esui" {flame, Dex+3 SInv}
 22826 | Snake:1  | Entered Level 1 of the Snake Pit
 22988 | Snake:1  | Reached XP level 18. HP: 157/157 MP: 0/0
 23198 | Snake:1  | Identified a scroll of acquirement
 23219 | Snake:1  | Acquired a manual of Armour
 23381 | Snake:2  | Reached skill level 1 in Staves
 23386 | Snake:2  | Noticed Donald
 23393 | Snake:2  | Killed Donald
 23413 | Snake:2  | Reached skill level 7 in Dodging
 23851 | Snake:2  | Noticed Vashnia
 23873 | Snake:2  | Killed Vashnia
 23874 | Snake:2  | HP: 6/158 [naga sharpshooter/arrow[Vashnia] (7)]
 24799 | Snake:3  | Reached XP level 19. HP: 163/166 MP: 0/0
 24799 | Snake:3  | Learned a level 6 spell: Death Channel
 25091 | Snake:3  | Reached skill level 8 in Dodging
 25215 | Snake:4  | Entered Level 4 of the Snake Pit
 25382 | Snake:4  | Reached skill level 5 in Shields
 25625 | Snake:4  | Reached skill level 10 in Armour
 25876 | Snake:4  | Got a serpentine rune of Zot
 26032 | Snake:4  | Reached XP level 20. HP: 166/174 MP: 0/0
 26357 | D:1      | Bought a scroll of immolation for 56 gold pieces
 26357 | D:1      | Bought a lightning rod (4/4) for 420 gold pieces
 26357 | D:1      | Bought a scroll of poison for 56 gold pieces
 26552 | D:11     | Bought a scroll of enchant armour for 195 gold pieces
 26624 | D:8      | Bought a +0 pair of gloves for 63 gold pieces
 27051 | D:13     | Found Bicen's Assorted Antiques.
 27446 | D:14     | Identified the +2 quarterstaff of Light {vorpal, Str+5}
 27465 | D:14     | Reached skill level 9 in Dodging
 27664 | D:14     | Found a gate to the Vaults.
 27671 | Vaults:1 | Entered Level 1 of the Vaults
 27915 | D:14     | Reached skill level 5 in Staves
 28206 | D:15     | Entered Level 15 of the Dungeon
 28266 | D:15     | Noticed Jorgrun
 28273 | D:15     | Killed Jorgrun
 28405 | D:15     | Found a staircase to the Depths.
 28749 | D:15     | Noticed a bone dragon
 28750 | D:15     | Found the +9 sword of Zonguldrok {reap}
 28846 | D:15     | Killed a bone dragon
 29519 | Vaults:1 | Identified the +9 spear "Sien" {protect, Fragile Int+4
                  | Stlth+}
 29527 | Vaults:1 | Identified the +7 lajatang of Quantum Leap {vorpal, rF++
                  | Will+}
 29545 | Vaults:1 | Identified the +7 short sword "Taqimm" {drain, Int+2 SInv}
 29660 | Vaults:1 | Identified the +8 shortbow "Peagenu" {flame, rPois}
 29860 | Vaults:1 | Reached XP level 21. HP: 147/182 MP: 0/0
 29860 | Vaults:1 | Learned a level 8 spell: Disjunction
 29998 | Vaults:1 | Noticed Nikola
 30006 | Vaults:1 | Killed Nikola
 30304 | Vaults:1 | Reached skill level 10 in Dodging
 31069 | Vaults:2 | Found a staircase to the Crypt.
 31122 | Vaults:2 | Found Katuompea's Book Shoppe.
 32076 | Vaults:2 | Reached XP level 22. HP: 136/189 MP: 0/0
 32424 | Vaults:3 | Found a flickering gateway to a bazaar.
 32430 | Bazaar   | Entered a bazaar
 32430 | Bazaar   | Found Yhouh's Antique Weapon Shop.
 32430 | Bazaar   | Found Digi's Antique Armour Shop.
 32454 | Bazaar   | Found Juulerr's General Store.
 32495 | Bazaar   | Bought a glowing troll leather armour for 540 gold pieces
 32923 | Vaults:3 | Found the +8 trishula "Condemnation" {holy, anguish, *Noise
                  | Fly rN+}
 33010 | Vaults:3 | Reached skill level 11 in Dodging
 33094 | Vaults:3 | Identified the +0 leather armour "Tiqanwenn" {+Blink rCorr
                  | Stlth-}
 33905 | Vaults:4 | Noticed Jory
 33911 | Vaults:4 | Killed Jory
 35030 | Vaults:5 | Entered Level 5 of the Vaults
 35038 | Vaults:5 | Noticed an ancient lich
 35062 | Vaults:4 | Reached XP level 23. HP: 47/197 MP: 0/0
 35062 | Vaults:4 | Learned a level 8 spell: Lehudib's Crystal Spear
 35366 | Vaults:5 | Noticed an ancient lich
 35716 | Vaults:5 | HP: 4/197 [tengu reaver/+1 vorpal great sword (6)]
 35725 | Vaults:5 | Found Jurhiust's Antique Weapon Emporium.
 35726 | Vaults:5 | Reached skill level 12 in Dodging
 35732 | Vaults:5 | Identified the +10 dagger "Jaowet" {elec, *Noise rF++
                  | Int+4}
 35870 | Vaults:5 | Found the +10 dark maul {vorpal}
 35907 | Vaults:5 | Noticed a golden dragon
 35912 | Vaults:5 | Killed a golden dragon
 35931 | Vaults:5 | Killed an ancient lich
 36029 | Vaults:5 | Identified the amulet "Caoqa" {Reflect Will+ SH+5}
 36146 | Vaults:5 | Identified the Monograph on the Squall and Conflagration
 36164 | Vaults:5 | Got a silver rune of Zot
 36294 | Vaults:5 | Identified the +7 short sword of the Crypt {vorpal, Will-
                  | Int+6}
 36304 | Vaults:5 | Reached skill level 13 in Dodging
 36304 | Vaults:5 | Killed an ancient lich
 36356 | Vaults:5 | Reached XP level 24. HP: 139/206 MP: 0/0
 36363 | Vaults:5 | Reached skill level 14 in Dodging
 36365 | Vaults:5 | Identified the amulet of Midsummer {RegenMP rElec Will+}
 36570 | Vaults:5 | Noticed a dread lich
 36587 | Vaults:5 | Killed a dread lich
 36657 | Vaults:5 | Reached skill level 15 in Dodging
 37496 | Depths:1 | Entered Level 1 of the Depths
 37498 | Depths:1 | Found a one-way gateway to a ziggurat.
 37530 | Depths:1 | Noticed a juggernaut
 37554 | Depths:1 | Killed a juggernaut
 37562 | Depths:1 | Reached skill level 16 in Dodging
 37771 | Depths:1 | Reached skill level 17 in Dodging
 37833 | Depths:1 | HP: 9/208 [spriggan air mage/the air (5)]
 38034 | Depths:1 | Found Feazup's Jewellery Shoppe.
 38035 | Depths:1 | Found Keuwn's Book Boutique.
 38036 | Depths:1 | Found Zyetoss's Jewellery Shoppe.
 38046 | Depths:1 | Bought the ring of New Discoveries {rN+ Int+6} for 896 gold
                  | pieces
 38083 | Depths:1 | Found a gateway to Hell.
 38282 | Depths:1 | Found a glowing golden altar of the Shining One.
 38352 | Depths:1 | Found a broken altar of Ashenzari.
 38623 | Depths:1 | Found a one-way gate leading to the halls of Pandemonium.
 38962 | Depths:2 | Reached skill level 18 in Dodging
 39011 | Depths:2 | Identified the Lessons on the Brume
 39130 | Depths:2 | Identified the Parchment of the Storm
 39373 | Depths:2 | Reached XP level 25. HP: 207/214 MP: 0/0
 39373 | Depths:2 | Learned a level 8 spell: Maxwell's Capacitive Coupling
 39720 | Depths:3 | Reached skill level 19 in Dodging
 39984 | Depths:3 | Noticed Margery
 39994 | Depths:3 | Killed Margery
 40072 | Depths:3 | Noticed Louise
 40099 | Depths:3 | Killed Louise
 40191 | Depths:3 | Found Qiaxtis's Distillery.
 40193 | Depths:3 | Found Fuyl's Magic Scroll Boutique.
 40195 | Depths:3 | Found Cunuum's Antique Weapon Shop.
 40206 | Depths:3 | Bought a potion of haste for 200 gold pieces
 40206 | Depths:3 | Bought a potion of haste for 200 gold pieces
 40206 | Depths:3 | Bought a potion of heal wounds for 100 gold pieces
 40206 | Depths:3 | Bought a potion of heal wounds for 100 gold pieces
 40331 | Depths:3 | Noticed a juggernaut
 40337 | Depths:3 | Killed a juggernaut
 40338 | Depths:3 | Reached skill level 20 in Dodging
 40361 | Depths:3 | Noticed a juggernaut
 40383 | Depths:3 | Killed a juggernaut
 40387 | Depths:3 | HP: 10/214 [spore (6)]
 40387 | Depths:3 | HP: 4/214 [spore (6)]
 40392 | Depths:3 | HP: 5/214 [spore (2)]
 40604 | Depths:3 | Identified Simple Spellweaving
 40794 | Depths:4 | Entered Level 4 of the Depths
 40827 | Depths:4 | Reached skill level 21 in Dodging
 41256 | Depths:4 | Identified the +5 arbalest "Lerui" {flame, Drain Int+2
                  | Dex+6}
 41392 | Depths:4 | HP: 7/214 [bone dragon (11)]
 41593 | Depths:4 | Found a gate to the Realm of Zot.
 41762 | Zot:1    | Entered Level 1 of the Realm of Zot
 41843 | Zot:1    | Reached skill level 22 in Dodging
 42228 | Zot:1    | Reached XP level 26. HP: 201/221 MP: 0/0
 42279 | Zot:1    | Noticed an orb of fire
 42289 | Zot:1    | Killed an orb of fire
 42552 | Zot:1    | Reached skill level 23 in Dodging
 42980 | Zot:2    | Reached skill level 24 in Dodging
 43001 | Zot:2    | Noticed an ancient lich
 43159 | Zot:2    | Killed an ancient lich
 43319 | Zot:2    | Found a stormy altar of Qazlal.
 43319 | Zot:2    | Identified the +0 pair of gloves "Jeacoeny" {rCorr Str+7}
 43595 | Zot:2    | Reached skill level 25 in Dodging
 44870 | Zot:4    | Reached XP level 27. HP: 195/228 MP: 0/0
 44870 | Zot:4    | Learned a level 9 spell: Death's Door
 44937 | Zot:4    | Noticed a Killer Klown
 44941 | Zot:4    | Killed a Killer Klown
 45156 | Zot:4    | Identified the ring of Nouz {Ice rElec rPois}
 45156 | Zot:4    | Noticed Josephina
 45172 | Zot:4    | Killed Josephina
 45189 | Zot:4    | Identified the +0 hat "Lyazeat" {rPois rF- rN+}
 45190 | Zot:4    | Found a transporter.
 45190 | Zot:4    | Found a transporter.
 45193 | Zot:4    | Identified the ring of Elitism {rF- rN+ Dex+3 Slay+2}
 45366 | Zot:5    | Entered Level 5 of the Realm of Zot
 45393 | Zot:5    | Reached skill level 10 in Shields
 45402 | Zot:5    | Reached skill level 15 in Armour
 45413 | Zot:5    | Reached skill level 26 in Dodging
 45759 | Zot:5    | Noticed a dread lich
 45769 | Zot:5    | Killed a dread lich
 45780 | Zot:5    | Noticed an orb of fire
 45780 | Zot:5    | Noticed a Killer Klown
 45786 | Zot:5    | Noticed a Killer Klown
 45787 | Zot:5    | Noticed a Killer Klown
 45789 | Zot:5    | Noticed a Killer Klown
 45790 | Zot:5    | Noticed an orb of fire
 45794 | Zot:5    | Noticed an orb of fire
 45794 | Zot:5    | Noticed an orb of fire
 45796 | Zot:5    | HP: 5/228 [orb of fire/fireball (17)]
 45797 | Zot:5    | Killed from afar by an orb of fire

Illustrated notes

Levels and vault maps discovered:
D:1:      spicycebolla_arrival_risky_transporter, layout_loops_ring,
          hellmonk_ecumenical_altar_heavens_door, serial_shops,
          nicolae_shop_hallway_stairs, minivault_26
D:2:      layout_rooms, serial_bayou_lake_a
D:3:      layout_basic, minmay_snake_closets, uniq_sigmund
D:4:      layout_cave_pods, serial_shops, nicolae_shop_hallway_plus,
          serial_glass, glass_columns_c, glass_columns_a, uniq_natasha
D:5:      layout_basic, nicolae_overflow_squiral,
          minmay_temple_entry_enclosed_plants, nicolae_ossuary_entry_ruins,
          kennysheep_another_room, serial_bayou_lagoon_b
D:6:      cheibrodos_helix_gallery, layout_basic
D:7:      kennysheep_kobold_camp, layout_loops_corners,
          nicolae_hepliaklqana_monster_ancestors,
          mainiacjoe_overflow_cross_hatched, grunt_ashenzari_visionary
          [grunt_ashenzari_visionary_shoals, grunt_ashenzari_visionary_snake],
          mainiacjoe_overflow_paths, guppyfry_early_elven_hall
D:8:      layout_loops_ring, serial_shops, shop, kennysheep_cross_bottleneck,
          nicolae_elevator_lobby_plus
D:9:      layout_gridville, serial_bayou, serial_bayou_pond_c,
          serial_bayou_lagoon_a, serial_bayou_shore_a, serial_bayou_pond_d
D:10:     layout_rooms, general_overflow_altar, erik_lair_orcish_takeover,
          dilly_guarded_unrand_elemental_staff
D:11:     layout_rooms, gammafunk_ghost_icy, serial_shops, shop, uniq_lodul
D:12:     minmay_firetagon, layout_rooms, nicolae_trove_entry_diagonal,
          nicolae_uskayaw_murder_on_the_dancefloor
D:13:     layout_loops_corners, serial_shops, nicolae_shop_hallway_plus
D:14:     layout_loops_ring, hangedman_vaults_entry_quadrant_bands,
          hangedman_abyss_or_decor_clamps, minmay_fractal_squares_gapless_7
D:15:     grunt_enter_depths_magical_seal, layout_cave_pools,
          serial_park_avenue1, minmay_guarded_unrand_zonguldrok, uniq_jorgrun
Temple:   nicolae_temple_bog_church
Lair:1:   layout_roguey, lemuel_fruit_tree, grunt_megastairs_1
Lair:2:   layout_long_grid, elwin_shoals_entry_rooms,
          minmay_snake_entry_six_corridors, serial_rivers,
          chequers_serial_rivers_small_3, chequers_serial_rivers_small_3,
          chequers_serial_rivers_large_a, chequers_serial_rivers_micro_c,
          chequers_serial_rivers_small_3, chequers_serial_rivers_micro_a,
          nzn_sisyphean_effort
Lair:3:   layout_regular_city, gauntlet_entry_generic, uniq_amaemon, uniq_rupert
Lair:4:   layout_cave_pods, lemuel_fruit_fields, uniq_urug
Lair:5:   hellmonk_lair_end_abyssal_woods, layout_regular_city,
          nicolae_slime_entry_slimehenge, serial_forest,
          infiniplex_forest_straight_3, infiniplex_forest_split,
          infiniplex_forest_3_way, infiniplex_forest_lined_corner,
          infiniplex_forest_clump_double, infiniplex_forest_clump_medium,
          infiniplex_forest_clump_large, infiniplex_forest_zigzag_1,
          infiniplex_forest_straight_5
Shoals:1: layout_shoals, ebering_ghost_reflecting_pool, uniq_roxanne
Shoals:2: layout_shoals, serial_shops, nicolae_shop_window_shopping,
          uniq_polyphemus
Shoals:3: cheibrodos_shoals_satyrical_garden, layout_shoals,
          nicolae_shoals_goliath_grotto, uniq_ilsuiw
Shoals:4: shoals_end_hangedman, layout_shoals
Snake:1:  layout_basic, st_stairs_9
Snake:2:  layout_layer_cave, uniq_vashnia, uniq_donald
Snake:3:  cheibrodos_forgotten_conduit, layout_basic, nicolae_snake_springs,
          grunt_megastairs_5
Snake:4:  johnstein_snake_rune_scales, layout_grid_shapes, st_stairs_5,
          grunt_megastairs_2
Orc:1:    layout_caves, gammafunk_ghost_stat_death, special_room
          [special_room_kobold], nicolae_orc_bridge_out, minmay_orc_barracks
Orc:2:    grunt_orc_community_town_hall, layout_caves,
          grunt_orc_community_big_house_1, grunt_orc_community_big_house_1,
          grunt_orc_community_house_3, grunt_orc_community_house_1,
          grunt_orc_community_house_1, grunt_orc_community_house_2,
          grunt_orc_community_house_3
Vaults:1: st_greater_box_4, hangedman_vaults_slice,
          vaults_room_grunt_arrival_checkpoint, nicolae_vaults_rhombus_7,
          v_alt_pattern_5, nicolae_vaults_shelves_hall, dpeg_vaults_monster_row,
          layout_vaults_big_cross, uniq_nikola
Vaults:2: vaults_mumra_hexcomb, v_misc_33, v_alt_pattern_4,
          hangedman_vaults_slice, hangedman_vaults_capsules,
          vaults_dpeg_diagonal, vaults_mumra_hex, v_misc_26,
          vaults_dpeg_encased_lava, vaults_room_hangedman_quadrants,
          ontoclasm_vaults_gateway, minmay_crypt_entry_simple_box,
          layout_vaults_chaotic_city, serial_shops, shop_fountains
Vaults:3: st_octagons_2, vaults_standard_mumra_lines, v_misc_19,
          nicolae_vaults_alarming, vaults_room_corners, v_misc_19, v_misc_13,
          layout_vaults_quadrants, serial_shops, bzr_entry_road
Vaults:4: v_alt_pattern_2, vaults_dpeg_cross, grunt_vaults_twisty,
          hangedman_vaults_hat, ontoclasm_vaults_ring_small, v_rooms_3,
          vaults_mumra_minichess_inversion, nicolae_vaults_ring_of_whatevers,
          ontoclasm_vaults_pinch, v_rooms_4, nicolae_vaults_little_squares_1,
          layout_vaults_maze_bifur, uniq_jory
Vaults:5: serial_shops
Depths:1: minmay_the_grid_net [minmay_the_grid_broken_lines,
          minmay_the_grid_square_x, minmay_the_grid_large_cup,
          minmay_the_grid_minigrid_medium, minmay_the_grid_stretched_grid,
          minmay_the_grid_prize_four_corners], layout_small_grid,
          enter_ziggurat_f, grunt_hell_entry_dis_grunt, grunt_pan_entry_sceptre,
          tso_altar, nicolae_ashenzari_panopticon, minmay_shop_grove
Depths:2: cheibrodos_lost_city_excavation, layout_basic, pan_entry, hell_entry
Depths:3: minmay_stepped, layout_gridlike,
          nicolae_abyss_entry_one_way_or_another, hell_entry,
          roderic_lattice_octagonal_star, minmay_shop_star,
          minmay_staircase_bubble, uniq_margery
Depths:4: evilmike_zot_entry_basic, layout_basic, hellmonk_bongcloud_opening,
          serial_sigils, serial_sigils_hangedman_snap,
          serial_sigils_hangedman_writhe, serial_sigils_hangedman_shear,
          serial_sigils_hangedman_snap, abyss_entry, grunt_metal_band
Zot:1:    layout_gridville, grunt_megastairs_3
Zot:2:    regret_index_qazlal_generations, layout_twisted_circle
Zot:3:    layout_basic
Zot:4:    gammafunk_sealed_arena, layout_misc_corridors, grunt_megastairs_4,
          uniq_josephina
Zot:5:    layout_cellular_growth, bh_zot_lava_cross

Skill      XL: |  1  2  3  4  5  6  7  8  9 10 11 12 13 14 15 16 17 18 19 20 21 22 23 24 25 26 27 |
---------------+----------------------------------------------------------------------------------+-----
Fighting       | 1 2 3 4 5 6 7 9 10 11 12 13 14 16 17 18 19 20 | 20.6
Spellcasting   | 4 5 6 7 8 9 10 11 12 13 15 16 17 18 19 20 | 20.3
Evocations     | 1 3 5 6 8 9 10 11 12 13 14 | 14.3
Dodging        | 3 6 7 8 9 10 11 13 18 22 25 26 | 26.2
Armour         | 3 5 7 9 10 11 12 13 15 | 15.9
Shields        | 2 4 5 7 8 10 | 10.9
Staves         | 3 4 5 6 7 |  7.5
Stealth        | 2 |  2.8

Action                   |  1- 3 |  4- 6 |  7- 9 | 10-12 | 13-15 | 16-18 | 19-21 | 22-24 | 25-27 || total
-------------------------+-------+-------+-------+-------+-------+-------+-------+-------+-------++-------
Melee: Dagger            |       |       |     6 |     5 |       |       |       |       |       ||    11
       Staff             |       |       |       |     1 |    32 |    32 |   154 |    27 |    43 ||   289
       Punch             |       |       |       |       |     1 |       |       |       |       ||     1
 Cast: Magic Dart        |    53 |    40 |    78 |    24 |     2 |       |       |       |     4 ||   201
       Searing Ray       |    12 |    17 |    48 |    50 |    10 |     1 |       |       |       ||   138
       Fulminant Prism   |       |     5 |    21 |    50 |    39 |    11 |    51 |    42 |    33 ||   252
       Iskenderun's Myst |       |       |     3 |     6 |     3 |       |       |     7 |     1 ||    20
       Passwall          |       |       |     1 |     7 |     2 |       |     6 |     4 |       ||    20
       Summon Lightning  |       |       |     7 |    38 |    49 |    30 |    33 |     6 |     4 ||   167
       Dazzling Flash    |       |       |       |     1 |     2 |       |       |     3 |       ||     6
       Fireball          |       |       |       |       |   241 |    39 |     8 |     1 |     6 ||   295
       Yara's Violent Un |       |       |       |       |     5 |    12 |     6 |     9 |     1 ||    33
       Apportation       |       |       |       |       |     1 |       |       |       |       ||     1
       Simulacrum        |       |       |       |       |    41 |   192 |   188 |   190 |   117 ||   728
       Iron Shot         |       |       |       |       |       |    79 |   181 |    94 |    12 ||   366
       Death Channel     |       |       |       |       |       |       |    11 |    28 |     3 ||    42
       Disjunction       |       |       |       |       |       |       |       |     9 |     2 ||    11
       Lehudib's Crystal |       |       |       |       |       |       |       |   106 |   129 ||   235
       Maxwell's Capacit |       |       |       |       |       |       |       |       |    79 ||    79
Invok: Curse Item        |       |       |       |     4 |     6 |       |       |     4 |     2 ||    16
       Shatter the Chain |       |       |       |     1 |       |       |     1 |     3 |     2 ||     7
 Abil: Evoke Invisibilit |       |       |       |       |     2 |       |       |       |       ||     2
Evoke: Wand              |       |       |     4 |    70 |     3 |     2 |       |       |       ||    79
       Box of beasts     |       |       |       |     1 |       |       |       |       |       ||     1
       Tin of tremorston |       |       |       |       |       |     1 |       |       |       ||     1
  Use: Scroll            |       |     4 |     2 |     7 |       |     3 |     2 |     6 |     3 ||    27
       Potion            |       |       |     1 |     1 |     5 |     1 |       |    13 |     3 ||    24
 Stab: Sleeping          |       |       |       |       |     1 |     1 |       |     1 |       ||     3
       Distracted        |       |       |       |       |       |       |     7 |     1 |       ||     8
Armor: Robe              |       |     1 |    17 |    28 |       |       |       |       |       ||    46
       Skin              |       |       |       |     3 |       |       |       |       |       ||     3
       Steam dragon scal |       |       |       |    11 |    35 |    37 |    58 |       |       ||   141
       Troll leather arm |       |       |       |       |       |       |       |    42 |    50 ||    92
Dodge: Dodged            |       |    12 |    34 |    46 |    70 |   119 |   246 |   150 |   192 ||   869
Block: Buckler           |       |       |       |       |    24 |    60 |   171 |    85 |   132 ||   472
       Reflection        |       |       |       |       |       |       |       |     2 |     3 ||     5
